 Dungeon Crawl Stone Soup version 0.31-a0-977-gc230f8ef24 (webtiles) character file.

Game seed: 11561398191018470123

217 Armakuni the Twirler (level 6, 0/35 (41) HPs)
             Began as a Human Wanderer on Oct 29, 2023.
             Slain by Eustachio
             ... wielding a +3 rapier of draining
              (5 damage)
             ... on level 3 of the Dungeon.
             The game lasted 00:06:54 (2582 turns).

Armakuni the Twirler (Human Wanderer)               Turns: 2582, Time: 00:06:55

HP:   0/35 (41)     AC:  7    Str: 13      XL:     6   Next: 16%
MP:   7/7           EV: 10    Int: 14      God:
Gold: 144           SH:  0    Dex: 10 (12) Spells: 3/7 levels left

rFire   . . .        a - +2 quarterstaff (chaos)
rCold   . . .        (shield currently unavailable)
rNeg    . . .        g - +0 leather armour
rPois   .            h - +2 helmet
rElec   .            i - +0 cloak
rCorr   .            (no gloves)
SInv    .            (no boots)
Will    .....        (no amulet)
Stlth   +            (no ring)
HPRegen 0.25/turn    (no ring)
MPRegen 0.10/turn

%: no passive effects
@: heavily drained
A: no striking features
a: no special abilities


You were on level 3 of the Dungeon.
You visited 1 branch of the dungeon, and saw 4 of its levels.

You collected 144 gold pieces.

Inventory:

Hand Weapons
 a - a +2 quarterstaff of chaos (weapon)
 b - a +0 sling of freezing
 e - a +2 quarterstaff
Missiles
 d - 4 boomerangs
 f - 7 poisoned darts
Armour
 g - a +0 leather armour (worn)
 h - a +2 helmet (worn)
 i - a +0 cloak (worn)
 j - a +0 buckler
Jewellery
 l - a ring of willpower
Wands
 r - a wand of roots (8)
Scrolls
 c - a scroll of fog
 n - a scroll of fear
Potions
 k - 3 potions of curing


   Skills:
 + Level 7.0 Staves
 - Level 1.0 Throwing
 - Level 1.0 Armour
 - Level 1.0 Spellcasting
 - Level 3.0 Transmutations


You had 3 spell levels left.
You knew the following spells:

 Your Spells              Type           Power      Damage    Failure   Level
p - Passwall              Tmut/Erth      3%         N/A       26%         2
w - Wereblood             Tmut           9%         N/A       14%         2

Your spell library contained the following spells:

 Spells                   Type           Power      Damage    Failure   Level
 Necrotise                Necr           0%         1d4       32%         1
 Shock                    Conj/Air       0%         1d3       32%         1
 Swiftness                Air            0%         N/A       69%         3
 Tukima's Dance           Hex            0%         N/A       69%         3
 Vampiric Draining        Necr           0%         2d6       69%         3
 Airstrike                Air            0%         2d(0-16)  97%         4
 Passage of Golubria      Tloc           0%         N/A       97%         4
 Yara's Violent Unravell  Hex/Tmut       2%         3d3       99%         5
 Agony                    Necr           0%         N/A       100%        5


Dungeon Overview and Level Annotations

Branches:
Dungeon (4/15)
 Temple: D:4-7

Altars:
Okawaru

Annotations:
D:3 Eustachio


Message History

Eustachio mumbles some strange words.
Eustachio blinks!
Eustachio casts a spell.
The iron imp puffs mist at you.
Eustachio hits you with a +3 rapier of draining.
You feel drained.
You climb upwards.
The iron imp disappears in a puff of smoke!
There is a stone staircase leading down, spattered with blood here.
You hit Eustachio.
Eustachio is poisoned.
Eustachio is lightly wounded.
Eustachio barely misses you.
You hit Eustachio.
Eustachio suddenly seems more agile.
Eustachio is lightly wounded.
Eustachio hits you with a +3 rapier of draining.
You feel drained.
You closely miss Eustachio.
Eustachio is lightly wounded.
Eustachio hits you with a +3 rapier of draining!
You feel drained.
You are too injured to fight recklessly!
Aiming: Fastroot
Press: ? - help, Shift-Dir - straight line The roots erupt in riotous growth!
Roots grab Eustachio.
The grasping roots constrict Eustachio.
Eustachio hits you with a +3 rapier of draining.
You feel drained.
You barely miss Eustachio.
Eustachio is moderately wounded.
The grasping roots constrict Eustachio.
The roots release their grip on Eustachio.
Eustachio completely misses you.
You miss Eustachio.
Eustachio is moderately wounded.
Eustachio hits you with a +3 rapier of draining!
* * * LOW HITPOINT WARNING * * *
You feel drained.
You die...
Eustachio says, "Such is the fate of all honourless rascals."

.........#########.......#
............## #.#.....#
..........#..# ##.#.....#
..........##.# ##..#.....#######
######....##.###..#####........#
#.........#.## ##########.#
#.......#...# #.....####.#
###.....##@.####.#........#
#.....###@†....#........##
#.....# ########........).
#.....# #........## #.....#
#........'. ####### #........##
####.##### #..#
######################.#####
.......................#....


You could see Eustachio (agile, poisoned).

Vanquished Creatures
  A scorpion (D:3)
  Crazy Yiuf (D:2)
  Robin (D:2)
  3 gnolls (D:3)
  2 adders (D:3)
  A worm (D:3)
  A dart slug (D:3)
  4 ball pythons
  6 endoplasms
  4 giant cockroaches
  13 goblins
  3 hobgoblins
  3 quokkas
  5 bats
  5 frilled lizards
  7 kobolds
  6 rats
66 creatures vanquished.

Notes
Turn   | Place    | Note
-------+----------+-------------------------------------------
     0 | D:1      | Armakuni the Human Wanderer began the quest for the Orb.
     0 | D:1      | Armakuni set off with the following items: a +2
                  | quarterstaff, a +0 scale mail, a scroll of fog; and the
                  | following spells available to memorise: Wereblood,
                  | Passwall.
     0 | D:1      | Reached XP level 1. HP: 13/13 MP: 2/2
   156 | D:1      | Reached XP level 2. HP: 18/19 MP: 3/3
   393 | D:1      | Learned a level 2 spell: Wereblood
   512 | D:1      | Reached XP level 3. HP: 17/24 MP: 4/4
   731 | D:2      | Reached skill level 5 in Staves
   909 | D:2      | Noticed Robin
  1106 | D:2      | Reached XP level 4. HP: 22/30 MP: 5/5
  1115 | D:2      | Killed Robin
  1186 | D:2      | Learned a level 2 spell: Passwall
  1451 | D:2      | Found a runed translucent door.
  1452 | D:2      | Noticed Crazy Yiuf
  1524 | D:2      | Paralysed by Crazy Yiuf for 2 turns
  1527 | D:2      | Killed Crazy Yiuf
  1528 | D:2      | Reached XP level 5. HP: 12/35 MP: 6/6
  1805 | D:3      | Found an iron altar of Okawaru.
  1943 | D:3      | Reached skill level 6 in Staves
  2405 | D:4      | Noticed Eustachio
  2417 | D:3      | Reached skill level 7 in Staves
  2417 | D:3      | Reached XP level 6. HP: 14/41 MP: 7/7
  2582 | D:3      | Slain by Eustachio

Illustrated notes

Levels and vault maps discovered:
D:1:      amcnicky_arrival_underground_garden, layout_rooms,
          serial_corexii_hall, chequers_hall_statues_corner_a,
          corexii_hall_statues_s
D:2:      layout_loops_ring, kennysheep_generic_room_4, uniq_robin,
          uniq_crazy_yiuf_cottage
D:3:      minmay_door_path, layout_basic, mainiacjoe_overflow_six_doors_small
D:4:      layout_gridville, serial_shops, shop, minmay_pentomino_pile,
          uniq_menkaure, uniq_eustachio

Skill      XL: |  1  2  3  4  5 |
---------------+----------------+-----
Staves         | 5 7 |  7.0
Throwing       | |  1.0
Armour         | |  1.0
Spellcasting   | |  1.0
Transmutations | |  3.0

Action                     |  1- 3 |  4- 6 || total
---------------------------+-------+-------++-------
  Melee: Quarterstaff      |    91 |    59 ||   150
  Evoke: Wand              |     2 |     3 ||     5
    Use: Potion            |     1 |     2 ||     3
         Scroll            |       |     3 ||     3
 Armour: Scale mail        |    22 |       ||    22
         Leather armour    |    49 |    51 ||   100
  Dodge: Dodged            |    51 |    28 ||    79

Table legend: (Time is in decaauts)
 A = Elapsed time spent in this place.
 B = Non-inter-level travel time spent in this place.
 C = Inter-level travel time spent in this place.
 D = Time resting spent in this place.
 E = Time spent auto-exploring this place.
 F = Levels seen in this place.
 G = Mean time per level.
                   A        B        C        D        E       F      G
               +--------+--------+--------+--------+--------+-----+--------+
         Total |   2591 |   2513 |     78 |    486 |   1456 |   4 |  647.8 |
       Dungeon |   2591 |   2513 |     78 |    486 |   1456 |   4 |  647.8 |
               +--------+--------+--------+--------+--------+-----+--------+

Top non-repeatable levels by time:
     D:3: 1075 daAuts
     D:2: 801 daAuts
     D:1: 698 daAuts
     D:4: 16 daAuts
